 Dungeon Crawl Stone Soup version 0.31-a0-361-g0f8bd3a31e (webtiles) character file.

Game seed: 502908184494387312

127 Locuples the Chopper (level 4, -1/41 HPs)
             Began as a Minotaur Monk on July 27, 2023.
             Slain by an orc priest
             ... wielding a +0 flail
              (6 damage)
             ... on level 3 of the Dungeon.
             The game lasted 00:03:26 (2069 turns).

Locuples the Chopper (Minotaur Monk)                Turns: 2069, Time: 00:03:26

Health: -1/41      AC:  5    Str: 17    XL:     4   Next: 85%
Magic:  3/3        EV: 11    Int:  7    God:
Gold:   85         SH:  0    Dex: 13    Spells: 3/3 levels left

rFire   . . .        a - +0 hand axe
rCold   . . .        (no shield)
rNeg    . . .        i - +0 ring mail
rPois   .            (helmet restricted)
rElec   .            (no cloak)
rCorr   .            (no gloves)
SInv    .            (no boots)
Will    .....        d - amulet of faith
Stlth   +            (no ring)
HPRegen 0.26/turn    (no ring)
MPRegen 0.08/turn

%: faith
@: no status effects
A: horns 2, retaliatory headbutt
a: no special abilities


You were on level 3 of the Dungeon.
You visited 1 branch of the dungeon, and saw 3 of its levels.

You collected 85 gold pieces.

Inventory:

Hand Weapons
 a - a +0 hand axe (weapon)
Armour
 i - a +0 ring mail (worn)
Jewellery
 d - an amulet of faith (around neck)
Scrolls
 b - a scroll of enchant armour {unknown}
 e - 6 scrolls of identify {unknown}
 f - 3 scrolls of teleportation {unknown}
Potions
 g - 2 potions of heal wounds {unknown}
 h - a potion of curing {unknown}
 j - a potion of haste {unknown}


   Skills:
 + Level 4.8 Fighting
 + Level 5.7 Axes
 + Level 1.4 Armour
 - Level 3.2 Dodging


You had 3 spell levels left.
You didn't know any spells.
Your spell library was empty.

Dungeon Overview and Level Annotations

Branches:
Dungeon (3/15)

Altars:


Innate Abilities, Weirdness & Mutations

You have a pair of horns on your head.
You reflexively headbutt those who attack you in melee.


Message History

An orc comes into view. It is wielding a +4 whip of flaming.
You hear a shout!
You hit the orc priest but do no damage.
The orc priest calls down the wrath of Beogh upon you.
Pain shoots through your body!
You hit the orc priest. Your headbutt misses the orc priest.
The orc priest is lightly wounded.
The orc priest closely misses you.
An orc comes into view. It is wielding a +0 flail.
You closely miss the orc priest. You headbutt the orc priest.
The orc priest is heavily wounded.
The orc priest hits you with a +0 flail!
You hit the orc priest but do no damage.
The orc priest is heavily wounded.
The orc priest hits you with a +0 flail.
* * * LOW HITPOINT WARNING * * *
You are confused.
You feel invigorated.
The orc priest hits you but does no damage.
The orc priest attacks as you move away!
The orc priest hits you with a +0 flail.
* * * LOW HITPOINT WARNING * * *
The orc priest attacks as you move away!
The orc priest hits you with a +0 flail.
* * * LOW HITPOINT WARNING * * *
You closely miss the orc priest.
The orc priest is heavily wounded.
The orc priest hits you with a +0 flail!
* * * LOW HITPOINT WARNING * * *
Found a scroll labelled GODONAC LAFA.
You bump into the rock wall.
You feel less invigorated.
You feel less confused.
The orc priest calls down the wrath of Beogh upon you.
Beogh smites you!
* * * LOW HITPOINT WARNING * * *
You hit the orc priest but do no damage.
You headbutt the orc priest!
The orc priest is almost dead.
The orc priest hits you with a +0 flail.
You die...

###### .?. .....# #.#
.### .# #.# .# #.# #.#
.# ... #.# .#####.# #.#
....[..# #.# .####..#
#@# .# #..#########o#
.####...........o####.#
................oo.oo.#
#####.###############.#
....(..#### ###......>#
#.......## ###.†.......


You could see an orc priest and 3 orcs.

Vanquished Creatures
  An orc wizard (D:3)
  Robin (D:3)
  3 adders
  A worm (D:2)
  2 dart slugs
  4 orcs (D:3)
  3 ball pythons
  4 endoplasms
  A giant cockroach (D:3)
  10 goblins
  2 hobgoblins (D:3)
  2 quokkas (D:2)
  9 bats
  2 frilled lizards (D:1)
  7 kobolds
  5 rats
57 creatures vanquished.

Notes
Turn   | Place    | Note
-------+----------+-------------------------------------------
     0 | D:1      | Locuples the Minotaur Monk began the quest for the Orb.
     0 | D:1      | Reached XP level 1. HP: 19/19 MP: 0/0
   258 | D:1      | Reached skill level 4 in Axes
   268 | D:1      | Reached XP level 2. HP: 27/27 MP: 1/1
   837 | D:2      | Reached XP level 3. HP: 34/34 MP: 2/2
  1268 | D:2      | Reached skill level 5 in Axes
  1813 | D:3      | Reached XP level 4. HP: 40/41 MP: 3/3
  1815 | D:3      | Noticed Robin
  1820 | D:3      | Killed Robin
  1880 | D:3      | Reached skill level 1 in Armour
  2069 | D:3      | Slain by an orc priest

Illustrated notes

Levels and vault maps discovered:
D:1:      matt_arrival_refuge, layout_loops_ring
D:2:      layout_loops_corners, minmay_increasing_density
D:3:      layout_loops_ring, hellmonk_ecumenical_altar_arch_garden,
          guppyfry_early_orc_mine, uniq_robin, uniq_natasha

Skill      XL: |  1  2  3  4 |
---------------+-------------+-----
Fighting       | 4 |  4.8
Axes           | 4 5 |  5.7
Armour         | 1 |  1.4
Dodging        | |  3.2

Action                     |  1- 3 |  4- 6 || total
---------------------------+-------+-------++-------
  Melee: Hand axe          |    77 |    39 ||   116
         Headbutt          |    13 |    10 ||    23
         Punch             |     1 |       ||     1
    Use: Potion            |       |     1 ||     1
   Stab: Sleeping          |     1 |       ||     1
 Armour: Robe              |    11 |       ||    11
         Ring mail         |    23 |    10 ||    33
  Dodge: Dodged            |    57 |    18 ||    75

Table legend: (Time is in decaauts)
 A = Elapsed time spent in this place.
 B = Non-inter-level travel time spent in this place.
 C = Inter-level travel time spent in this place.
 D = Time resting spent in this place.
 E = Time spent auto-exploring this place.
 F = Levels seen in this place.
 G = Mean time per level.
                   A        B        C        D        E       F      G
               +--------+--------+--------+--------+--------+-----+--------+
         Total |   2074 |   2016 |     58 |      0 |   1609 |   3 |  691.3 |
       Dungeon |   2074 |   2016 |     58 |      0 |   1609 |   3 |  691.3 |
               +--------+--------+--------+--------+--------+-----+--------+

Top non-repeatable levels by time:
     D:2: 958 daAuts
     D:1: 789 daAuts
     D:3: 326 daAuts
